 Dungeon Crawl Stone Soup version 0.22.1-1-ga44c0e56f4 (webtiles) character file.

118 OdinFK the Skirmisher (level 4, 0/37 HPs)
             Began as a Demonspawn Abyssal Knight on Oct 20, 2018.
             Was a Believer of Lugonu.
             Slain by a worm (3 damage)
             ... on level 3 of the Dungeon.
             The game lasted 00:05:20 (2351 turns).

OdinFK the Skirmisher (Demonspawn Abyssal Knight)   Turns: 2351, Time: 00:05:21

Health: 0/37       AC:  4    Str: 14    XL:     4   Next: 72%
Magic:  5/5        EV: 11    Int: 13    God:    Lugonu [**....]
Gold:   105        SH:  0    Dex: 12    Spells: 3/3 levels left

rFire    . . .     SeeInvis .   a - +1 hand axe
rCold    + . .     Gourm    .   (no shield)
rNeg     . . .     Faith    .   b - +0 leather armour
rPois    .         Spirit   .   (no helmet)
rElec    .         Reflect  .   (no cloak)
rCorr    .         Harm     .   f - +0 pair of gloves
MR       .....                  (no boots)
Stlth    +.........             (no amulet)
HPRegen  0.12/turn              (no ring)
MPRegen  0.09/turn              (no ring)

@: no status effects
A: cold resistance 1, powered by death 1, sturdy frame 1
a: Depart the Abyss, Bend Space, Renounce Religion


You were on level 3 of the Dungeon.
You worshipped Lugonu.
Lugonu was pleased with you.
You were not hungry.

You visited 1 branch of the dungeon, and saw 3 of its levels.
You visited the Abyss 1 time.

You collected 105 gold pieces.

Inventory:

Hand Weapons
 a - a +1 hand axe (weapon)
 m - a +1 dagger of venom
Armour
 b - a +0 leather armour (worn)
 f - a +0 pair of gloves (worn)
Scrolls
 e - 4 scrolls of identify {unknown}
 g - a scroll of fog {unknown}
 h - 3 scrolls of immolation {unknown}
 j - a scroll of magic mapping {unknown}
 l - a scroll of random uselessness {unknown}
Potions
 d - a potion of might
Comestibles
 c - 7 rations


   Skills:
 + Level 4.1 Fighting
 + Level 3.0 Axes
 + Level 2.7 Armour
 - Level 0.8 Dodging
 - Level 2.4 Invocations


You had 3 spell levels left.
You didn't know any spells.
Your spell library was empty.

Dungeon Overview and Level Annotations

Branches:
Dungeon (3/15)

Altars:
Fedhas
Wu Jian


Innate Abilities, Weirdness & Mutations

Your flesh is cold resistant. (rC+)
You regenerate a little health from kills.
Your movements are slightly less encumbered by armour. (ER -2)


Message History

The orc priest barely misses you.
You hit the orc priest.
The orc priest is heavily wounded.
You hit the worm but do no damage.
The orc priest hits you but does no damage.
The worm barely misses you.
You hit the orc priest but do no damage.
The orc priest is heavily wounded.
You hit the worm. The orc priest barely misses you.
You hit the orc priest but do no damage.
The orc priest is heavily wounded.
You barely miss the worm.
The orc priest calls down the wrath of Beogh upon you.
Pain shoots through your body!
* * * LOW HITPOINT WARNING * * *
The worm closely misses you.
You hit the orc priest.
The orc priest is heavily wounded.
You hit the worm. The orc priest misses you. The worm bites you.
You die...

...####.#.#.# #.#
........#.#.######.#
..w.....#.#.....<#.#
..........########.#
.......w<# #.#
#.####o## #.# #o#
#.# #w# #.# # #@#
#.# #. #o# #.#
#..###.# #.#
#......# #.#
#..##..# #.#
##.###..# #.#
........# #.#
##.####.# #.# #.#
#.#


You could see 2 worms, an orc priest, an orc wizard and an orc.

Vanquished Creatures
  An orc wizard (D:2)
  3 adders (D:2)
  3 worms (D:2)
  2 dart slugs
  2 leopard geckos
  3 orcs
  4 bats
  2 giant cockroaches
  7 goblins
  6 hobgoblins
  3 jackals (D:1)
  3 quokkas (D:2)
  A frilled lizard (D:2)
  A kobold (D:1)
  6 rats
47 creatures vanquished.

Notes
Turn   | Place    | Note
-------+----------+-------------------------------------------
     0 | Abyss:1  | OdinFK the Demonspawn Abyssal Knight began the quest for
                  | the Orb.
     0 | Abyss:1  | Reached XP level 1. HP: 18/18 MP: 2/2
    17 | Abyss:1  | Found a corrupted altar of Lugonu.
    63 | D:1      | Escaped the Abyss
   138 | D:1      | You fall through a shaft!
   203 | D:1      | Gained mutation: Your flesh is cold resistant. (rC+)
                  | [demonic ancestry]
   203 | D:1      | Reached XP level 2. HP: 11/24 MP: 3/3
  1127 | D:2      | Gained mutation: You regenerate a little health from kills.
                  | [demonic ancestry]
  1127 | D:2      | Reached XP level 3. HP: 28/30 MP: 4/4
  1583 | D:2      | Found an ornate altar of the Wu Jian Council.
  1710 | D:2      | Reached skill level 4 in Fighting
  2065 | D:2      | Found a blossoming altar of Fedhas.
  2128 | D:2      | Gained mutation: Your movements are slightly less
                  | encumbered by armour. (ER -2) [demonic ancestry]
  2128 | D:2      | Reached XP level 4. HP: 32/37 MP: 5/5
  2137 | D:3      | Reached ** piety under Lugonu
  2156 | D:2      | HP: 1/37 [something (3)]
  2351 | D:3      | Slain by a worm

Skill      XL: |  1  2  3  4 |
---------------+-------------+-----
Axes           | 2 3 |  3.0
Armour         | 2 |  2.7
Fighting       | 4 |  4.1
Dodging        | |  0.8
Invocations    | |  2.4

Action                   |  1- 3 |  4- 6 || total
-------------------------+-------+-------++-------
Melee: Hand axe          |   149 |    47 ||   196
  Use: Potion            |       |     2 ||     2
  Eat: Chunk             |     4 |     1 ||     5
Armor: Leather armour    |    41 |    25 ||    66
Dodge: Dodged            |    93 |    34 ||   127
